 Dungeon Crawl Stone Soup version 0.30.0-29-ga12c61a403 (webtiles) character file.

Game seed: 16613173142603242294

392 qw the Chopper (level 6, -6/38 HPs)
             Began as a Gargoyle Fighter on June 2, 2023.
             Mangled by Menkaure (17 damage)
             ... on level 4 of the Dungeon.
             The game lasted 00:01:43 (3297 turns).

qw the Chopper (Gargoyle Fighter)                   Turns: 3297, Time: 00:01:44

Health: -6/38      AC: 14    Str: 22    XL:     6   Next: 80%
Magic:  6/6        EV:  8    Int:  8    God:
Gold:   222        SH:  4    Dex:  9    Spells: 5/5 levels left

rFire   . . .        Y - +0 war axe
rCold   + . .        c - +0 buckler
rNeg    + . .        k - +0 chain mail
rPois   inf          (no helmet)
rElec   +            (no cloak)
rCorr   .            (no gloves)
SInv    .            g - +0 pair of boots
Will    .....        (no amulet) Stlth
                     f - ring of protection from cold
HPRegen 0.26/turn    (no ring)
MPRegen 0.10/turn

%: no passive effects
@: no status effects
A: sickness immunity, AC +4, negative energy resistance 1, electricity
resistance, torment resistance 1, petrification resistance
a: no special abilities


You were on level 4 of the Dungeon.
You visited 1 branch of the dungeon, and saw 4 of its levels.

You collected 222 gold pieces.


Innate Abilities, Weirdness & Mutations

You are immune to sickness and miasma.
Your stone body is resilient. (AC +4)
You are immune to poison.
You resist negative energy. (rN+)
You are resistant to electric shocks. (rElec)
You are resistant to unholy torment.
You are immune to petrification.


   Skills:
 - Level 4.0 Fighting
 - Level 6.0 Axes
 - Level 3.2 Armour
 + Level 0.5 Dodging
 - Level 3.2 Shields


You had 5 spell levels left.
You didn't know any spells.
Your spell library was empty.

Inventory:

Hand Weapons
 n - a +0 morningstar
 Y - a +0 war axe (weapon)
Armour
 a - a +0 pair of gloves
 c - a +0 buckler (worn)
 g - a +0 pair of boots (worn)
 k - a +0 chain mail (worn)
Jewellery
 f - a ring of protection from cold (left hand)
Potions
 d - a potion of might
 e - a potion of magic {unknown}
 h - a potion of degeneration {unknown}
 i - a potion of curing {unknown}
 j - a potion of ambrosia {unknown}
 l - a potion of attraction {unknown}
 m - 2 potions of lignification {unknown}

Dungeon Overview and Level Annotations

Branches:
Dungeon (4/15)
 Temple: D:4-7

Altars:

Shops:
D:2 [   D:4 (

Annotations:
D:1 2 transporters
D:4 Menkaure


Message History

Menkaure and a hobgoblin come into view.
Menkaure shouts!
The hobgoblin shouts!
Enter note:
Enter note:
Enter note:
Enter note:
Enter note:
Enter note:
3287 ||| Stepping ~*~*~tactically~*~*~ (hiding).
You start waiting.
Menkaure is nearby!
Menkaure mumbles some strange words.
Menkaure seems to speed up.
Menkaure barely misses you.
Enter note:
Enter note:
Enter note:
Enter note:
Enter note:
Enter note: You hit Menkaure.
Menkaure is moderately damaged.
Menkaure whispers a few words.
Menkaure hits you! Menkaure barely misses you.
You slash Menkaure!
Menkaure is heavily damaged.
Menkaure hits you.
You barely miss Menkaure.
Menkaure is heavily damaged.
Menkaure hits you but does no damage. Menkaure hits you!
You hit Menkaure but do no damage.
Menkaure is heavily damaged.
You block Menkaure's attack.
You slash Menkaure!
Menkaure is almost destroyed.
Menkaure closely misses you.
You barely miss Menkaure.
Menkaure is almost destroyed.
Menkaure closely misses you. Menkaure hits you!
You die...

# #######
#.#.....###..##...## #
#.#..#### #..###.## # #.#..#
#..# #.# #####
#.#).######..# #.####
##...###.........?..###.....
#..#..####....#.##..#....¤¤¤
#.###.........#.##..#.~~~~~~
#..#..#..<........#.#.~..¤..
##...######@###>.###..¤.¤¤¤~
##.## #M# #.## ##.~.~..¤
#.#### #g# ##.###..¤¤¤.~¤
#..[.# #.# #..#...~.~¤~¤
#.##.# #.# #......~¤¤.~\
#.##.# #.####.###..~.¤¤~~ ##
#.##.# #....#..#...~.~¤.. .#
#.##.#######.#......¤¤¤~~~
.# ###.......#
#.#.#..#.~.¤...


You could see Menkaure (fast) and a hobgoblin.

Vanquished Creatures
  A black bear (D:4)
  A hound (D:4)
  An iguana (D:4)
  2 orc wizards (D:3)
  4 gnolls
  7 adders
  2 worms (D:3)
  5 dart slugs
  3 orcs (D:3)
  A bat (D:1)
  5 endoplasms
  5 giant cockroaches
  8 goblins
  4 hobgoblins
  3 jackals (D:2)
  3 quokkas
  8 ball pythons
  3 frilled lizards
  10 kobolds
  4 rats
80 creatures vanquished.

Notes
Turn   | Place    | Note
-------+----------+-------------------------------------------
     0 | D:1      | qw the Gargoyle Fighter began the quest for the Orb.
     0 | D:1      | Reached XP level 1. HP: 14/14 MP: 1/1
     0 | D:1      | 0 ||| qw: Version: 0.2-a-102-gdf20003
     0 | D:1      | 0 ||| qw: Game counter: 947
     0 | D:1      | 0 ||| qw: Always use a shield: true
     0 | D:1      | 0 ||| qw: God list: Okawaru
     0 | D:1      | 0 ||| qw: Allow faded altars: false
     0 | D:1      | 0 ||| qw: Do Orc after D:15 true
     0 | D:1      | 0 ||| qw: Do second Lair branch before Depths: true
     0 | D:1      | 0 ||| qw: Lair rune preference: random
     0 | D:1      | 0 ||| qw: Plans: Normal, Zot:1-4, Slime:5, God:TSO, Crypt,
                  | Tomb, Pan, Hells, Abyss, Win
     0 | D:1      | 0 ||| PLANNING D:1-11
    83 | D:1      | You fall into a shaft and drop 1 floor!
   122 | D:2      | Reached skill level 2 in Axes
   122 | D:2      | Reached XP level 2. HP: 19/19 MP: 2/2
   122 | D:2      | Found Leskuash's Antique Armour Boutique.
   137 | D:2      | 137 ||| SHOPLISTING pair of gloves (117 gold, have 10).
   137 | D:2      | 137 ||| SHOPLISTING runed ring mail (182 gold, have 10).
   158 | D:2      | 158 ||| UPGRADING to +0 pair of boots.
   163 | D:2      | 163 ||| UPGRADING to ring of protection from cold.
   164 | D:2      | 164 ||| READING scroll labelled EDICVO KAMAO.
   180 | D:2      | Reached skill level 3 in Axes
   183 | D:2      | Reached XP level 3. HP: 20/23 MP: 3/3
   865 | D:1      | 865 ||| DROPPING ring of magical power.
   866 | D:1      | 866 ||| READING scroll labelled PAIWON REOXU.
   867 | D:1      | 867 ||| READING scroll labelled RUXTIO JAUTU.
   868 | D:1      | 868 ||| READING scroll labelled WISEIRYNTO.
   871 | D:1      | 871 ||| READING scroll labelled XENOECHUEKK.
   944 | D:2      | 944 ||| STAIRDANCE
   989 | D:2      | Reached XP level 4. HP: 28/28 MP: 4/4
  1012 | D:2      | 1012 ||| Stepping ~*~*~tactically~*~*~ (stealth).
  1013 | D:2      | 1013 ||| Stepping ~*~*~tactically~*~*~ (stealth).
  1208 | D:2      | Reached skill level 4 in Axes
  1257 | D:2      | 1257 ||| Stepping ~*~*~tactically~*~*~ (hiding).
  1593 | D:2      | Reached XP level 5. HP: 31/32 MP: 5/5
  1665 | D:2      | 1665 ||| READING scroll labelled CESADA BAUHIT.
  1762 | D:3      | 1762 ||| Stepping ~*~*~tactically~*~*~ (hiding).
  1763 | D:3      | 1763 ||| Stepping ~*~*~tactically~*~*~ (hiding).
  1764 | D:3      | 1764 ||| Stepping ~*~*~tactically~*~*~ (hiding).
  1792 | D:3      | 1792 ||| Stepping ~*~*~tactically~*~*~ (stealth).
  1794 | D:3      | 1794 ||| Stepping ~*~*~tactically~*~*~ (hiding).
  1796 | D:3      | 1796 ||| Stepping ~*~*~tactically~*~*~ (hiding).
  1997 | D:3      | 1997 ||| Stepping ~*~*~tactically~*~*~ (stealth).
  2069 | D:3      | 2069 ||| Stepping ~*~*~tactically~*~*~ (hiding).
  2137 | D:3      | Reached skill level 5 in Axes
  2309 | D:3      | 2309 ||| Stepping ~*~*~tactically~*~*~ (stealth).
  2361 | D:3      | 2361 ||| FLEEEEING.
  2366 | D:3      | 2366 ||| STAIRDANCE
  2425 | D:2      | 2425 ||| READING 2 scrolls labelled WONTUU PO XUWK.
  2426 | D:2      | 2426 ||| READING scroll labelled HASASK OSIO.
  2427 | D:2      | 2427 ||| DROPPING scroll of butterflies.
  2438 | D:3      | 2438 ||| DROPPING +0 whip.
  2604 | D:3      | 2604 ||| UPGRADING to +0 chain mail.
  2614 | D:3      | 2614 ||| DROPPING +0 scale mail.
  2615 | D:3      | 2615 ||| READING scroll labelled NESOIPO DOTHRE.
  2628 | D:4      | 2628 ||| Stepping ~*~*~tactically~*~*~ (stealth).
  2629 | D:4      | 2629 ||| Stepping ~*~*~tactically~*~*~ (stealth).
  2634 | D:4      | Reached XP level 6. HP: 38/38 MP: 6/6
  2708 | D:4      | Found Iphoczo's Weapon Emporium.
  2802 | D:4      | Noticed a black bear
  2819 | D:4      | HP: 7/38 [black bear (5)]
  2822 | D:4      | Killed a black bear
  2823 | D:4      | Reached skill level 6 in Axes
  3091 | D:4      | 3091 ||| Stepping ~*~*~tactically~*~*~ (hiding).
  3200 | D:4      | 3200 ||| Stepping ~*~*~tactically~*~*~ (stealth).
  3286 | D:4      | Noticed Menkaure
  3287 | D:4      | 3287 ||| Stepping ~*~*~tactically~*~*~ (hiding).
  3297 | D:4      | Mangled by Menkaure

Levels and vault maps discovered:
D:1:      spicycebolla_arrival_transporter_tutorial, layout_basic,
          minmay_small_reverse_x
D:2:      layout_basic, serial_shops, nicolae_diamond_shop, st_stairs_3
D:3:      layout_loops_cross
D:4:      layout_loops_ring, st_stairs_5, nicolae_inconvenience_store,
          grunt_ministairs_10, chequers_serial_rivers_micro_a, uniq_menkaure

Skill      XL: |  1  2  3  4  5  6 |
---------------+-------------------+-----
Axes           | 2 3 4 5 6 |  6.0
Fighting       | 4 |  4.0
Armour         | |  3.2
Dodging        | |  0.5
Shields        | |  3.2

Action                     |  1- 3 |  4- 6 || total
---------------------------+-------+-------++-------
  Melee: War axe           |    84 |   213 ||   297
    Use: Scroll            |     5 |     4 ||     9
 Armour: Scale mail        |    35 |    82 ||   117
         Chain mail        |       |    46 ||    46
  Dodge: Dodged            |    38 |    82 ||   120
  Block: Buckler           |    16 |    36 ||    52

Table legend:
 A = Non-vault XP
 B = Vault XP
 C = Vault XP percentage of total XP
 D = Non-vault monster count
 E = Vault monster count
 F = Vault count percentage of total count
                 A         B        C        D         E       F
            +---------+---------+-------+---------+---------+-------
      Total |     524 |      36 |   6.4 |      69 |      11 |  13.8
            +---------+---------+-------+---------+---------+-------
        D:1 |      24 |       9 |  27.3 |       9 |       4 |  30.8
        D:2 |     138 |       4 |   2.8 |      25 |       2 |   7.4
        D:3 |     132 |       0 |   0.0 |      24 |       0 |   0.0
        D:4 |     230 |      23 |   9.1 |      11 |       5 |  31.2
            +---------+---------+-------+---------+---------+-------
